 Dungeon Crawl Stone Soup version 0.31.0-1-g2c135a0 (webtiles) character file.

Game seed: 3074591519751754055

23143 edsrzf the Impaler (level 13, -2/111 HPs)
             Began as a Merfolk Conjurer on Feb 1, 2024.
             Was the Champion of Okawaru.
             Slain by a death yak (20 damage)
             ... on level 1 of the Lair of Beasts.
             The game lasted 00:42:25 (13706 turns).

edsrzf the Impaler (Merfolk Conjurer)              Turns: 13706, Time: 00:42:26

Health: -2/111     AC: 15    Str: 16    XL:     13   Next: 4%
Magic:  17/17      EV: 21    Int: 23    God:    Okawaru [******]
Gold:   1704       SH:  0    Dex: 14    Spells: 15/18 levels left

rFire   . . .        a - +4 halberd
rCold   . . .        (shield currently unavailable)
rNeg    + . .        d - quicksilver dragon scales
rPois   .            C - +1 hat "Kig Weqawn" {^Contam Str+7}
rElec   +            G - scarf of Kiaz {repulsion, rElec rN+ rCorr Int+4}
rCorr   +            F - +2 pair of gloves
SInv    .            (no boots)
Will    ++...        i - amulet of regeneration
Stlth   +            k - +5 ring of evasion
HPRegen 1.18/turn    I - ring of willpower
MPRegen 0.15/turn

%: repel missiles
@: no status effects
A: (nimble swimmer 2), mertail
a: Renounce Religion, Heroism, Finesse, Duel, Receive Weapon


You were on level 1 of the Lair of Beasts.
You worshipped Okawaru.
Okawaru was exalted by your worship.
You visited 3 branches of the dungeon, and saw 13 of its levels.
You also visited: Bailey.

You collected 1704 gold pieces.

Inventory:

Hand Weapons
 a - a +4 halberd (weapon)
Missiles
 f - a silver javelin
 g - 37 poisoned darts
 y - 6 curare-tipped darts
 E - 2 throwing nets {=f}
Armour
 d - quicksilver dragon scales (worn)
 C - the +1 hat "Kig Weqawn" (worn) {^Contam Str+7}
   (You acquired it in a bailey)

   Str+7:     It affects your strength (+7).
   ^Contam:   It causes magical contamination when unequipped.
 F - a +2 pair of gloves (worn)
 G - the scarf of Kiaz (worn) {repulsion, rElec rN+ rCorr Int+4}
   (Okawaru gifted it to you on level 10 of the Dungeon)

   Int+4:     It affects your intelligence (+4).
   rElec:     It insulates you from electricity.
   rN+:       It protects you from negative energy.
   rCorr:     It protects you from acid and corrosion.
Jewellery
 i - an amulet of regeneration (around neck)
 k - a +5 ring of evasion (left hand)
 I - a ring of willpower (right hand)
Wands
 v - a wand of iceblast (7)
 x - a wand of mindburst (10)
 J - a wand of polymorph (5)
Scrolls
 c - 2 scrolls of silence {!r}
 e - 3 scrolls of fog {unknown}
 h - 2 scrolls of teleportation {@r3}
 j - 3 scrolls of summoning
 l - 2 scrolls of blinking {unknown}
 m - 3 scrolls of fear {unknown}
 p - 2 scrolls of identify {@r1}
 q - 3 scrolls of poison {unknown}
 r - a scroll of noise {unknown}
 s - 5 scrolls of amnesia {unknown}
 t - 2 scrolls of revelation {unknown}
 u - a scroll of torment {unknown}
 D - 2 scrolls of enchant armour {unknown}
 H - a scroll of vulnerability {unknown}
Potions
 b - 3 potions of magic
 n - 6 potions of lignification
 o - a potion of invisibility
 w - a potion of heal wounds
 z - a potion of haste
 A - 3 potions of mutation {!q}
 B - 2 potions of brilliance
 K - a potion of attraction {unknown}


   Skills:
 + Level 13.5 Fighting
 - Level 16.5 Polearms
 - Level 5.0 Armour
 - Level 12.2 Dodging
 - Level 2.1 Stealth
 - Level 3.0 Spellcasting
 - Level 4.0 Conjurations


You had 15 spell levels left.
You knew the following spells:

 Your Spells              Type           Power      Damage    Failure   Level
r - Searing Ray           Conj           42%        2d6       6%          2
x - Magic Dart            Conj           84%        1d7       4%          1

Your spell library contained the following spells:

 Spells                   Type           Power      Damage    Failure   Level
 Momentum Strike          Conj/Tloc      24%        3d8       14%         2
 Dazzling Flash           Conj/Hex       24%        N/A       26%         3
 Blink                    Tloc           6%         N/A       30%         2
 Cigotuvi's Dreadful Rot  Necr/Alch/Air  6%         N/A       30%         2
 Lesser Beckoning         Tloc           6%         N/A       30%         2
 Gell's Gravitas          Tloc           3%         N/A       52%         3
 Teleport Other           Tloc           3%         N/A       52%         3
 Volatile Blastmotes      Fire/Tloc      6%         2d10      52%         3
 Fulminant Prism          Conj/Alch      6%         3d7       65%         4
 Iskenderun's Mystic Bla  Conj/Tloc      12%        2d5       65%         4
 Dispel Undead            Necr           3%         3d7       90%         4
 Passage of Golubria      Tloc           3%         N/A       90%         4
 Silence                  Hex/Air        1%         N/A       99%         5
 Starburst                Conj/Fire      6%         6d4       100%        6
 Lehudib's Crystal Spear  Conj/Erth      6%         10d3      100%        8
 Maxwell's Capacitive Co  Air            1%         ∞         100%        8
 Martyr's Knell           Necr/Summ      Unusable   N/A       N/A         4
 Death Channel            Necr           Unusable   N/A       N/A         6

Dungeon Overview and Level Annotations

Branches:
Dungeon (11/15)            Temple (1/1) D:5            Lair (1/5) D:8
 Bailey (visited)
    Orc: D:9-12

Altars:
Ashenzari
Cheibriados
Dithmenos
Elyvilon
Fedhas
Gozag
Hepliaklqana
Kikubaaqudgha
Makhleb
Nemelex Xobeh
Okawaru
Qazlal
Ru
Sif Muna
Trog
Uskayaw
Vehumet
Wu Jian
Xom
Yredelemnul
Zin
The Shining One

Shops:
D:1 ?   D:2 ?   D:4 *   D:5 [   D:8 !(

Annotations:
D:4 2 transporters
D:9 2 transporters, Biscolet's ghost, journeyman DjFE


Innate Abilities, Weirdness & Mutations

((You are very nimble when in or above water. (Stealth+, EV+, Speed+++)))
Your lower body shifts to a powerful aquatic tail in water.


Message History

You puncture the death yak!
You kill the death yak!
Okawaru is honoured by your kill. Okawaru grants you throwing weapons!
Something appears at your feet!
Your Fighting skill increases to level 13!
Press: ? - help, v - describe, . - travel, g - get item Item here: 2 boomerangs.
The floor, spattered with blood.
You hit the death yak.
The death yak is lightly wounded.
You hit the death yak.
The death yak is lightly wounded.
The death yak gores you but does no damage.
You hit the death yak.
The death yak is lightly wounded.
The death yak closely misses you.
You hit the death yak.
The death yak is lightly wounded.
You slash the death yak!
The death yak is moderately wounded.
The death yak gores you.
You slice the death yak!!
The death yak is heavily wounded.
The death yak gores you!!
* * * LOW HITPOINT WARNING * * *
You puncture the death yak!
The death yak is severely wounded.
The death yak closely misses you.
Okay, then.
You hit the death yak.
The death yak is severely wounded.
You hit the death yak.
The death yak is severely wounded.
The death yak misses you.
You barely miss the death yak.
The death yak is severely wounded.
The death yak gores you!
* * * LOW HITPOINT WARNING * * *
You puncture the death yak!
The death yak is almost dead.
You slash the death yak!
You kill the death yak!
Okawaru accepts your kill.
You have reached level 13!
You feel much better.
The death yak gores you but does no damage.
You slash the death yak!
The death yak is lightly wounded.
The death yak closely misses you.
You puncture the death yak!
The death yak is moderately wounded.
The death yak gores you!!
You slice the death yak!!
The death yak is heavily wounded.
You hit the death yak.
The death yak is severely wounded.
The death yak gores you!!
* * * LOW HITPOINT WARNING * * *
You completely miss the death yak.
The death yak is severely wounded.
The death yak gores you but does no damage.
You barely miss the death yak.
The death yak is severely wounded.
You puncture the death yak!
The death yak is severely wounded.
The death yak misses you.
You hit the death yak.
The death yak is almost dead.
The death yak misses you.
You slash the death yak!
The death yak is almost dead.
You slash the death yak!
You kill the death yak!
Okawaru accepts your kill.
You puncture the death yak!
The death yak is lightly wounded.
The death yak misses you.
You impale the death yak!!
The death yak is moderately wounded.
You slash the death yak!
The death yak is severely wounded.
The death yak gores you but does no damage.
You barely miss the death yak.
The death yak is severely wounded.
A cane toad comes into view.
The death yak barely misses you.
You hit the death yak.
The death yak is severely wounded.
The death yak gores you!
* * * LOW HITPOINT WARNING * * *
You slash the death yak!
The death yak is severely wounded.
You hit the death yak.
The death yak is severely wounded.
The death yak barely misses you.
You hit the death yak.
The death yak is almost dead.
The death yak gores you!!
You die...

....#.......##...#....
...#.#.P##........###.###...
..............###†###.###...
.............##.⌠.†#........
..........F..#..............
..............⌠.>.⌠#........
......$.......(....#........
...........>.#....#.........
#..###@###..#..###..#..
#..†.Y###.....###.....#
+#.###.#.#.#...#.#.###.#.
..........#.#...#.........
.##...⌠...+.#.⌠.......⌠...
#. +.......................
. #.##....#.........#.###.
..#.....#.......##......#
...#..###..##.+###.###.###


You could see a death yak and a cane toad.

Vanquished Creatures
  An orc warlord (Bailey)
  A centaur warrior (D:10)
  4 two-headed ogres (D:10)
  5 death yaks (Lair:1)
  An orc knight (Bailey)
  A cyclops (D:10)
  A black mamba (Lair:1)
  4 cane toads (Lair:1)
  A gargoyle (D:10)
  Jeremiah (D:6)
  2 komodo dragons (Lair:1)
  2 rime drakes (Lair:1)
  Maggie (D:10)
  Psyche (D:8)
  2 trolls (D:10)
  Prince Ribbit (D:7)
  A hornet (D:9)
  Sigmund (D:6)
  A shadow (D:10)
  4 wyverns
  16 yaks
  A centaur simulacrum (D:10)
  2 steam dragons (D:7)
  A vampire mosquito (D:10)
  3 basilisks
  A warg (D:8)
  3 acid dragons
  7 water moccasins (Lair:1)
  12 orc warriors
  A sky beast (D:8)
  2 black bears
  3 ice beasts
  4 ogres
  7 wolves
  5 centaurs
  2 phantoms
  5 kobold brigands
  3 gnoll sergeants (D:7)
  6 bullfrogs
  3 scorpions
  4 wights (D:7)
  5 killer bees (D:8)
  2 howler monkeys
  2 bombardier beetles
  10 hounds
  2 jellies
  6 orc priests
  2 gnoll boudas
  2 iguanas
  2 sleepcaps (D:7)
  6 orc wizards
  A statue (D:9)
  Robin (D:2)
  27 gnolls
  10 adders
  A shadow imp (D:7)
  3 white imps
  2 dart slugs
  3 ribbon worms
  41 orcs
  4 ball pythons
  4 bats
  3 endoplasms
  5 giant cockroaches
  26 goblins
  19 hobgoblins
  4 jackals (D:2)
  20 kobolds
  3 quokkas
  3 training dummies (D:8)
  3 frilled lizards (D:3)
  2 rats
351 creatures vanquished.

Notes
Turn   | Place    | Note
-------+----------+-------------------------------------------
     0 | D:1      | edsrzf the Merfolk Conjurer began the quest for the Orb.
     0 | D:1      | Reached XP level 1. HP: 13/13 MP: 3/3
   100 | D:1      | Found Niehiv's Magic Scroll Shop.
   523 | D:1      | Reached XP level 2. HP: 19/19 MP: 0/5
   978 | D:2      | Reached XP level 3. HP: 24/24 MP: 3/6
  1904 | D:3      | Found a faded altar of an unknown god.
  2151 | D:2      | Reached skill level 3 in Spellcasting
  2249 | D:2      | Identified 3 scrolls of summoning
  2250 | D:2      | Identified 2 scrolls of identify
  2250 | D:2      | Identified 2 scrolls of teleportation
  2266 | D:2      | Reached XP level 4. HP: 25/30 MP: 2/8
  2353 | D:2      | Reached skill level 1 in Polearms
  2353 | D:2      | Reached skill level 4 in Conjurations
  2484 | D:2      | Reached skill level 2 in Polearms
  2560 | D:2      | Noticed Robin
  2576 | D:2      | Identified 3 potions of lignification
  2577 | D:2      | Identified 2 potions of heal wounds
  2590 | D:2      | Reached skill level 3 in Polearms
  2594 | D:2      | Killed Robin
  2595 | D:2      | Reached XP level 5. HP: 16/35 MP: 9/9
  2706 | D:2      | Found Lache's Magic Scroll Emporium.
  3507 | D:4      | Found Lamuos's General Store.
  3519 | D:4      | Reached skill level 4 in Polearms
  3588 | D:4      | Noticed a centaur
  3599 | D:4      | Reached skill level 5 in Polearms
  3603 | D:4      | Killed a centaur
  3604 | D:4      | Reached skill level 6 in Polearms
  3604 | D:4      | Reached XP level 6. HP: 34/41 MP: 10/10
  3635 | D:4      | Found a transporter.
  3652 | D:4      | Found a sparkling altar of Nemelex Xobeh.
  3888 | D:4      | Found a transporter.
  3918 | D:4      | Reached skill level 7 in Polearms
  4279 | D:4      | Found a hazy altar of Hepliaklqana.
  4312 | D:4      | Found an ornate altar of the Wu Jian Council.
  4333 | D:4      | Found a hide-covered altar of Uskayaw.
  4793 | D:5      | Entered Level 5 of the Dungeon
  4865 | D:5      | Found Qujitab's Antique Armour Shop.
  4923 | D:5      | Reached skill level 8 in Polearms
  4923 | D:5      | Reached XP level 7. HP: 46/46 MP: 11/11
  4943 | D:5      | Found a staircase to the Ecumenical Temple.
  4961 | Temple   | Entered the Ecumenical Temple
  4972 | Temple   | Became a worshipper of Warmaster Okawaru
  5034 | D:5      | Identified 2 potions of curing
  5039 | D:5      | Reached skill level 9 in Polearms
  5420 | D:5      | Found a burning altar of Makhleb.
  5685 | D:5      | Found a sacrificial altar of Ru.
  5882 | D:6      | Reached * piety under Okawaru
  5883 | D:6      | Reached skill level 10 in Polearms
  5883 | D:6      | Reached XP level 8. HP: 28/52 MP: 8/12
  6079 | D:6      | Learned a level 2 spell: Searing Ray
  6166 | D:6      | Noticed Sigmund
  6170 | D:6      | Identified the +5 buckler "Qieduni" {Will+}
  6194 | D:6      | Killed Sigmund
  6195 | D:6      | Reached skill level 11 in Polearms
  6284 | D:6      | Reached skill level 12 in Polearms
  6328 | D:6      | Noticed Jeremiah
  6437 | D:6      | Killed Jeremiah
  6437 | D:6      | Reached ** piety under Okawaru
  6438 | D:6      | Reached skill level 13 in Polearms
  6745 | D:6      | Reached XP level 9. HP: 57/57 MP: 13/13
  6827 | D:6      | Reached skill level 14 in Polearms
  7538 | D:6      | Reached skill level 15 in Polearms
  7992 | D:6      | Identified 2 potions of berserk rage
  7993 | D:6      | Identified a potion of invisibility
  7994 | D:6      | Identified a potion of haste
  8046 | D:7      | Identified 2 scrolls of silence
  8202 | D:7      | Found a flagged portal.
  8221 | Bailey   | Entered a bailey
  8328 | Bailey   | Reached *** piety under Okawaru
  8392 | Bailey   | Noticed an orc knight
  8424 | Bailey   | Killed an orc knight
  8425 | Bailey   | Reached skill level 16 in Polearms
  8444 | Bailey   | Reached skill level 3 in Dodging
  8489 | Bailey   | Reached XP level 10. HP: 63/63 MP: 10/14
  8546 | Bailey   | Reached skill level 4 in Dodging
  8563 | Bailey   | Noticed an orc warlord
  8651 | Bailey   | Reached skill level 5 in Dodging
  8727 | Bailey   | Reached skill level 6 in Dodging
  8763 | Bailey   | Killed an orc warlord
  8763 | Bailey   | Reached **** piety under Okawaru
  8764 | Bailey   | Reached skill level 8 in Dodging
  8968 | Bailey   | Acquired the +1 hat "Kig Weqawn" {^Contam Str+7}
  8975 | Bailey   | Acquired 753 gold pieces
  9132 | D:7      | Reached skill level 9 in Dodging
  9180 | D:7      | Noticed Prince Ribbit
  9205 | D:7      | Killed Prince Ribbit
  9258 | D:7      | Reached skill level 10 in Dodging
  9458 | D:7      | Identified 2 potions of mutation
  9502 | D:7      | Reached ***** piety under Okawaru
  9664 | D:8      | Found Koupsuk's Distillery.
  9668 | D:8      | Reached skill level 11 in Dodging
  9712 | D:8      | Noticed Psyche
  9720 | D:8      | Killed Psyche
  9832 | D:8      | Identified a potion of brilliance
  9961 | D:8      | Reached skill level 12 in Dodging
  9961 | D:8      | Reached XP level 11. HP: 68/68 MP: 15/15
 10076 | D:8      | Reached skill level 1 in Fighting
 10088 | D:8      | Reached skill level 1 in Armour
 10202 | D:8      | Reached skill level 2 in Fighting
 10226 | D:8      | Found a staircase to the Lair.
 10257 | D:8      | Found Iviug's Firing Range.
 10614 | D:9      | Found a radiant altar of Vehumet.
 10793 | D:9      | Noticed Biscolet's ghost (journeyman DjFE)
 10795 | D:9      | Noticed a cyclops
 10821 | D:9      | Found a transporter.
 10825 | D:9      | Found a transporter.
 10843 | D:9      | Reached skill level 3 in Fighting
 10843 | D:9      | Reached skill level 2 in Armour
 10894 | D:9      | Reached skill level 4 in Fighting
 10927 | D:9      | Received a gift from Okawaru
 10943 | D:9      | Reached skill level 3 in Armour
 11061 | D:9      | Found a shadowy altar of Dithmenos.
 11708 | D:10     | Entered Level 10 of the Dungeon
 11726 | D:10     | Reached skill level 5 in Fighting
 11886 | D:10     | Noticed a centaur warrior
 11890 | D:10     | Noticed a two-headed ogre
 11895 | D:10     | Killed a two-headed ogre
 11977 | D:10     | Noticed a two-headed ogre
 11982 | D:10     | Killed a two-headed ogre
 11983 | D:10     | Reached skill level 6 in Fighting
 11983 | D:10     | Reached skill level 4 in Armour
 12009 | D:10     | Noticed Maggie
 12018 | D:10     | Killed Maggie
 12018 | D:10     | Received a gift from Okawaru
 12259 | D:10     | Noticed a two-headed ogre
 12270 | D:10     | Killed a two-headed ogre
 12271 | D:10     | Reached skill level 7 in Fighting
 12271 | D:10     | Reached skill level 5 in Armour
 12271 | D:10     | Reached XP level 12. HP: 88/91 MP: 12/16
 12321 | D:10     | Noticed a two-headed ogre
 12343 | D:10     | Killed a two-headed ogre
 12355 | D:10     | Reached skill level 8 in Fighting
 12420 | D:10     | Killed a centaur warrior
 12420 | D:10     | Reached ****** piety under Okawaru
 12420 | D:10     | Received a gift from Okawaru
 12421 | D:10     | Reached skill level 9 in Fighting
 12421 | D:10     | Acquired the scarf of Kiaz {repulsion, rElec rN+ rCorr
                  | Int+4}
 12421 | D:10     | Received a gift from Okawaru
 12699 | D:10     | Found a snail-covered altar of Cheibriados.
 12828 | Lair:1   | Entered Level 1 of the Lair of Beasts
 13014 | Lair:1   | Reached skill level 10 in Fighting
 13340 | Lair:1   | Reached skill level 11 in Fighting
 13394 | Lair:1   | Received a gift from Okawaru
 13554 | Lair:1   | Reached skill level 12 in Fighting
 13626 | Lair:1   | Noticed a death yak
 13633 | Lair:1   | Noticed a death yak
 13636 | Lair:1   | Noticed a death yak
 13639 | Lair:1   | Noticed a death yak
 13639 | Lair:1   | Noticed a death yak
 13640 | Lair:1   | Noticed a death yak
 13642 | Lair:1   | Killed a death yak
 13665 | Lair:1   | Killed a death yak
 13675 | Lair:1   | Killed a death yak
 13675 | Lair:1   | Received a gift from Okawaru
 13676 | Lair:1   | Reached skill level 13 in Fighting
 13687 | Lair:1   | Killed a death yak
 13688 | Lair:1   | Reached XP level 13. HP: 29/111 MP: 17/17
 13706 | Lair:1   | Slain by a death yak

Illustrated notes

Levels and vault maps discovered:
D:1:      spicycebolla_arrival_clurvy, layout_loops_ring, serial_shops,
          nicolae_shop_stone
D:2:      cheibrodos_helix_gallery, layout_loops_ring, serial_shops,
          nicolae_shop_advertising_works [nicolae_subvault_shop_adworks],
          uniq_robin
D:3:      layout_loops_ring, hellmonk_ecumenical_altar_inner_sanctum,
          mrwooster_statue_mirror
D:4:      gammafunk_wand_slinger, layout_loops_corners, jmf_multi_god_temple2,
          old_standard_altar, worldfamousw_hep_ancestral_shrine, serial_shops,
          shop
D:5:      layout_gridville, nicolae_ru_path_of_blood, lightli_temple_of_fire,
          minmay_temple_entry_sparse_star, serial_shops, nicolae_shop_peninsula
D:6:      kennysheep_housing_project, layout_loops_ring, uniq_sigmund,
          uniq_jeremiah
D:7:      layout_basic, enter_bailey_4, minmay_tree_intersection,
          hangedman_glass_teeth, hellmonk_no_cap, uniq_prince_ribbit1
D:8:      layout_gridville, erik_lair_orcish_takeover, nicolae_stop_n_shop_1,
          nicolae_shop_firing_range, uniq_psyche
D:9:      layout_loops_ring, vehumet_statue,
          mainiacjoe_overflow_concentric_impassable, gammafunk_ghost_arena
D:10:     wad_crossroads, layout_long_grid, mainiacjoe_overflow_alcove_1,
          minmay_fractal_squares_gapless_7, uniq_maggie
D:11:     layout_basic, hiddenorc2_lemuel
Temple:   cyrus_circular_temple
Lair:1:   layout_regular_city, cheibrodos_lair_reptile_den,
          serial_bayou_shore_a, grunt_megastairs_1

Skill      XL: |  1  2  3  4  5  6  7  8  9 10 11 12 |
---------------+-------------------------------------+-----
Spellcasting   | 3 |  3.0
Polearms       | 3 6 8 10 13 16 | 16.5
Conjurations   | 4 |  4.0
Dodging        | 3 12 | 12.2
Fighting       | 7 13 | 13.5
Armour         | 5 |  5.0
Stealth        | |  2.1

Action                     |  1- 3 |  4- 6 |  7- 9 | 10-12 | 13-15 || total
---------------------------+-------+-------+-------+-------+-------++-------
  Melee: Unarmed           |    17 |    16 |       |       |       ||    33
         Spear             |    14 |    24 |       |       |       ||    38
         Punch             |     1 |       |       |       |       ||     1
         Halberd           |       |    56 |   345 |   897 |    18 ||  1316
  Throw: Dart              |       |       |     8 |     1 |       ||     9
   Cast: Magic Dart        |    70 |    72 |    75 |   113 |       ||   330
 Invoke: Receive Armour    |       |       |       |     1 |       ||     1
  Evoke: Wand              |       |       |       |     5 |       ||     5
    Use: Scroll            |     3 |     1 |     5 |     6 |       ||    15
         Potion            |       |     3 |     3 |     9 |     1 ||    16
   Stab: Sleeping          |       |     1 |       |     3 |       ||     4
 Armour: Robe              |    18 |    39 |       |       |       ||    57
         Skin              |       |    19 |       |       |       ||    19
         Quicksilver drago |       |    15 |   134 |   425 |     7 ||   581
  Dodge: Dodged            |    27 |    60 |    87 |   595 |     6 ||   775
